 Dungeon Crawl Stone Soup version 0.27.0-1-g7a089689b8 (webtiles) character file.

Game seed: 10085565984067152559

103 BOMJPIETVODKU the Digger (level 4, -1/32 HPs)
             Began as a Gnoll Earth Elementalist on Aug 6, 2021.
             Slain by a centaur (4 damage)
             ... on level 3 of the Dungeon.
             The game lasted 00:05:29 (1572 turns).

BOMJPIETVODKU the Digger (Gnoll Earth Elementalist) Turns: 1572, Time: 00:05:30

Health: -1/32      AC:  3    Str:  8    XL:     4   Next: 79%
Magic:  11/11      EV: 13    Int: 15    God:
Gold:   73         SH:  0    Dex: 12    Spells: 7/13 levels left

rFire    . . .     SeeInvis .   j - +2 dagger (venom)
rCold    . . .     Faith    .   (no shield)
rNeg     . . .     Spirit   .   b - +0 robe
rPois    .         Reflect  .   e - +0 hat
rElec    .         Harm     .   (no cloak)
rCorr    .         Rampage  .   a - +0 pair of gloves
Will     .....                  (no boots)
Stlth    ++........             f - amulet of magic regeneration
HPRegen  0.10/turn              (no ring)
MPRegen  0.37/turn              (no ring)

@: weak-willed
A: fangs 1, strong nose, distributed training
a: no special abilities


You were on level 3 of the Dungeon.
You visited 1 branch of the dungeon, and saw 3 of its levels.

You collected 73 gold pieces.

Inventory:

Hand Weapons
 j - a +2 dagger of venom (weapon)
Missiles
 l - 8 boomerangs
Armour
 a - a +0 pair of gloves (worn)
 b - a +0 robe (worn)
 e - a +0 hat (worn)
Jewellery
 f - an amulet of magic regeneration (around neck)
Potions
 d - 2 potions of curing
 i - a potion of might {unknown}
 k - 2 potions of ambrosia {unknown}


   Skills:
 + Level 1.2 Fighting
 + Level 1.2 Short Blades
 + Level 1.2 Long Blades
 + Level 1.2 Axes
 + Level 1.2 Maces & Flails
 + Level 1.2 Polearms
 + Level 1.2 Staves
 + Level 1.2 Slings
 + Level 1.2 Bows
 + Level 1.2 Crossbows
 + Level 1.2 Throwing
 + Level 1.2 Armour
 + Level 4.7 Dodging
 + Level 4.3 Stealth
 + Level 1.2 Shields
 + Level 1.2 Unarmed Combat
 + Level 5.1 Spellcasting
 + Level 1.0 Conjurations
 + Level 1.0 Hexes
 + Level 1.0 Summonings
 + Level 1.0 Necromancy
 + Level 1.0 Translocations
 + Level 2.3 Transmutations
 + Level 1.0 Fire Magic
 + Level 1.0 Ice Magic
 + Level 1.0 Air Magic
 + Level 5.5 Earth Magic
 + Level 1.0 Poison Magic
 + Level 1.3 Invocations
 + Level 1.2 Evocations


You had 7 spell levels left.
You knew the following spells:

 Your Spells              Type           Power      Damage    Failure   Level
a - Sandblast             Erth           40%        2d10      1%          1
b - Passwall              Tmut/Erth      12%        N/A       4%          2
c - Stone Arrow           Conj/Erth      26%        3d8       13%         3

Your spell library contained the following spells:

 Spells                   Type           Power      Damage    Failure   Level
 Petrify                  Tmut/Erth      15%        N/A       32%         4
 Animate Armour           Summ/Erth      26%        N/A       38%         4
 Lehudib's Crystal Spear  Conj/Erth      6%         10d3      100%        8


Dungeon Overview and Level Annotations

Branches:
Dungeon (3/15)

Altars:


Innate Abilities, Weirdness & Mutations

You have very sharp teeth.
Your uncanny sense of smell can sniff out nearby items.
Your experience applies equally to all skills.


Message History

The centaur unwields a +0 shortbow.
The centaur hits you. The centaur completely misses you.
Found a stone staircase leading up.
The goblin shouts!
You hit the centaur but do no damage.
The centaur is poisoned.
The centaur barely misses you. The centaur kicks you.
The kobold throws a stone.
The stone misses you. The centaur hits you. The centaur kicks you.
A kobold comes into view. It is wielding a +0 club.
The kobold shouts!
You hit the centaur but do no damage.
The centaur is lightly wounded.
The centaur hits you.
The centaur kicks you but does no damage.
The kobold throws a stone.
The stone hits you but does no damage.
You hit the centaur.
The centaur looks as sick as possible!
The centaur is lightly wounded.
The centaur hits you but does no damage.
The centaur kicks you.
A phantom comes into view.
You hit the centaur.
The centaur looks as sick as possible!
Your bite misses the centaur.
The centaur is heavily wounded.
The centaur hits you.
* * * LOW HITPOINT WARNING * * *
The centaur kicks you but does no damage.
The goblin hits you with a +2 dagger of protection.
* * * LOW HITPOINT WARNING * * *
The centaur closely misses you.
The centaur kicks you but does no damage.
You hit the centaur but do no damage.
The centaur looks as sick as possible!
The centaur is heavily wounded.
The centaur hits you.
* * * LOW HITPOINT WARNING * * *
The centaur barely misses you. The goblin barely misses you.
You hit the centaur but do no damage.
The centaur looks as sick as possible!
Your bite misses the centaur.
The centaur is heavily wounded.
The centaur hits you.
You die...

...###
....######..
#.....#....#. .
##...........
$.##..K........
......... .<.#
...>....##...#
.........#g..#
.r......K@c..#
....r...#....#
........##.......
........# ...####
....W###. ...#
..... . ...#
..... # #### ?.


You could see a phantom, a centaur (extremely poisoned), a goblin, 2 kobolds and
a rat.

Vanquished Creatures
  Crazy Yiuf (D:2)
  2 adders (D:2)
  2 dart slugs
  6 endoplasms
  3 giant cockroaches
  4 goblins
  5 hobgoblins
  10 jackals
  3 ball pythons
  5 bats
  4 frilled lizards
  A kobold (D:1)
  5 rats
51 creatures vanquished.

Notes
Turn   | Place    | Note
-------+----------+-------------------------------------------
     0 | D:1      | BOMJPIETVODKU the Gnoll Earth Elementalist began the quest
                  | for the Orb.
     0 | D:1      | Reached XP level 1. HP: 13/13 MP: 6/6
   173 | D:1      | Reached XP level 2. HP: 19/19 MP: 4/7
   268 | D:1      | Reached XP level 3. HP: 25/25 MP: 9/9
   353 | D:1      | Reached skill level 5 in Spellcasting
   649 | D:2      | Reached skill level 1 in Invocations
   762 | D:2      | Reached skill level 1 in Fighting
   762 | D:2      | Reached skill level 1 in Short Blades
   762 | D:2      | Reached skill level 1 in Long Blades
   762 | D:2      | Reached skill level 1 in Axes
   762 | D:2      | Reached skill level 1 in Maces & Flails
   762 | D:2      | Reached skill level 1 in Polearms
   762 | D:2      | Reached skill level 1 in Staves
   762 | D:2      | Reached skill level 1 in Slings
   762 | D:2      | Reached skill level 1 in Bows
   762 | D:2      | Reached skill level 1 in Crossbows
   762 | D:2      | Reached skill level 1 in Throwing
   762 | D:2      | Reached skill level 1 in Armour
   762 | D:2      | Reached skill level 1 in Shields
   762 | D:2      | Reached skill level 1 in Unarmed Combat
   762 | D:2      | Reached skill level 1 in Evocations
   762 | D:2      | Reached XP level 4. HP: 26/32 MP: 8/11
   979 | D:2      | Found a runed translucent door.
   980 | D:2      | Noticed Crazy Yiuf
   988 | D:2      | Killed Crazy Yiuf
   989 | D:2      | Reached skill level 1 in Conjurations
   989 | D:2      | Reached skill level 1 in Hexes
   989 | D:2      | Reached skill level 1 in Summonings
   989 | D:2      | Reached skill level 1 in Necromancy
   989 | D:2      | Reached skill level 1 in Translocations
   989 | D:2      | Reached skill level 1 in Fire Magic
   989 | D:2      | Reached skill level 1 in Ice Magic
   989 | D:2      | Reached skill level 1 in Air Magic
   989 | D:2      | Reached skill level 1 in Poison Magic
  1526 | D:2      | Learned a level 2 spell: Passwall
  1530 | D:2      | Learned a level 3 spell: Stone Arrow
  1564 | D:3      | Noticed a centaur
  1569 | D:3      | Noticed a phantom
  1572 | D:3      | Slain by a centaur

Illustrated notes

Levels and vault maps discovered:
D:1:      scummos_arrival_star, layout_rooms
D:2:      minmay_chambers_of_twos, layout_basic, uniq_crazy_yiuf_cottage
D:3:      layout_rooms, mainiacjoe_overflow_catch_the_wave, gup_sewer_entry_bowl

Skill      XL: |  1  2  3  4 |
---------------+-------------+-----
Transmutations | 2 |  2.3
Spellcasting   | 5 |  5.1
Invocations    | 1 |  1.3
Fighting       | 1 |  1.2
Short Blades   | 1 |  1.2
Long Blades    | 1 |  1.2
Axes           | 1 |  1.2
Maces & Flails | 1 |  1.2
Polearms       | 1 |  1.2
Staves         | 1 |  1.2
Slings         | 1 |  1.2
Bows           | 1 |  1.2
Crossbows      | 1 |  1.2
Throwing       | 1 |  1.2
Armour         | 1 |  1.2
Shields        | 1 |  1.2
Unarmed Combat | 1 |  1.2
Evocations     | 1 |  1.2
Conjurations   | 1 |  1.0
Hexes          | 1 |  1.0
Summonings     | 1 |  1.0
Necromancy     | 1 |  1.0
Translocations | 1 |  1.0
Fire Magic     | 1 |  1.0
Ice Magic      | 1 |  1.0
Air Magic      | 1 |  1.0
Poison Magic   | 1 |  1.0
Dodging        | |  4.7
Stealth        | |  4.3
Earth Magic    | |  5.5

Action                   |  1- 3 |  4- 6 || total
-------------------------+-------+-------++-------
Melee: Club              |     4 |       ||     4
       Dagger            |    12 |    33 ||    45
       Bite              |     1 |     3 ||     4
 Cast: Sandblast         |    40 |     3 ||    43
  Use: Scroll            |       |     4 ||     4
 Stab: Sleeping          |     4 |     3 ||     7
       Distracted        |       |     1 ||     1
Armor: Robe              |     8 |     9 ||    17
Dodge: Dodged            |    17 |    20 ||    37
